[Event "GER-ch Youth U10W 2020"]
[Site "Willingen"]
[Date "2020.10.27"]
[Round "1.1"]
[White "Sickmann, Lisa"]
[Black "Heidtkamp, Anna"]
[Result "1-0"]
[ECO "C80"]
[WhiteElo "1510"]
[BlackElo "1078"]
[Annotator "NA RC"]
[PlyCount "65"]
[EventDate "2020.10.27"]
[EventType "swiss"]
[EventRounds "7"]
[EventCountry "GER"]
[SourceTitle "playchess.com"]
[Source "ChessBase"]
[SourceQuality "1"]
[TimeControl "40/4500+30:900+30"]

1. e4 e5 2. Nf3 Nc6 3. Bb5 a6 4. Ba4 Nf6 5. d4 exd4 6. O-O Nxe4 7. Re1 d5 8. Nxd4 Bd7 9. Bxc6 Bxc6 10. f3 Bc5 11. fxe4 dxe4 12. Be3 Qd7 13. Nc3 Rd8 14. Nxc6 Qxd1 15. Raxd1 Rxd1 16. Nxd1 Bxe3+ 17. Rxe3 bxc6 18. Rxe4+ Kd7 19. Nc3 Kd6 20. Kf2 Rf8 21. Ke3 f5 22. Rf4 Re8+ 23. Kd4 c5+ 24. Kc4 Rf8 25. g3 g6 26. Ne4+ Kc6 27. Nxc5 g5 28. Rf2 f4 29. gxf4 gxf4 30. Ne6 Rf6 31. Nxf4 h6 32. b4 Kb6 33. Nd5+ 1-0

[Event "GER-ch Youth U10W 2020"]
[Site "Willingen"]
[Date "2020.10.27"]
[Round "1.2"]
[White "Blaufuß, Lena"]
[Black "Bauer, Laura Sophie"]
[Result "0-1"]
[ECO "B23"]
[WhiteElo "1073"]
[BlackElo "1287"]
[Annotator "NA RC"]
[PlyCount "62"]
[EventDate "2020.10.27"]
[EventType "swiss"]
[EventRounds "7"]
[EventCountry "GER"]
[SourceTitle "playchess.com"]
[Source "ChessBase"]
[SourceQuality "1"]
[TimeControl "40/4500+30:900+30"]

1. e4 c5 2. Nc3 Nc6 3. Nge2 Rb8 4. d3 b5 5. Nf4 b4 6. Nce2 g6 7. Be3 d6 8. d4 Qa5 9. b3 Bg7 10. g3 cxd4 11. Nxd4 Nxd4 12. Bxd4 Nf6 13. Bg2 e5 14. Nd5 Nxd5 15. Bb2 Nc3 16. Qxd6 Rb6 17. Qc7 O-O 18. O-O Ra6 19. Qc4 Rd6 20. a3 Ba6 21. axb4 Qxa1 22. Qxf7+ Rxf7 23. Rxa1 Ne2+ 24. Kh1 Rfd7 25. Bh3 Rd1+ 26. Rxd1 Rxd1+ 27. Kg2 Ng1 28. Be6+ Kf8 29. Ba3 Bf1+ 30. Kh1 Nf3 31. b5+ Ke8 0-1

[Event "GER-ch Youth U10W 2020"]
[Site "Willingen"]
[Date "2020.10.27"]
[Round "1.3"]
[White "Trunz, Tamila"]
[Black "Zhou, Leyi Charlotte"]
[Result "0-1"]
[ECO "C96"]
[WhiteElo "1379"]
[BlackElo "1071"]
[Annotator "NA RC"]
[PlyCount "116"]
[EventDate "2020.10.27"]
[EventType "swiss"]
[EventRounds "7"]
[EventCountry "GER"]
[SourceTitle "playchess.com"]
[Source "ChessBase"]
[SourceQuality "1"]
[TimeControl "40/4500+30:900+30"]

1. e4 e5 2. Nf3 Nc6 3. Bb5 a6 4. Ba4 Nf6 5. O-O Be7 6. Re1 b5 7. Bb3 d6 8. c3 O-O 9. h3 Na5 10. Bc2 c5 11. d4 cxd4 12. cxd4 exd4 13. Nxd4 d5 14. exd5 Nxd5 15. Be4 Bb7 16. Nf5 Bb4 17. Re2 Nf4 18. Qxd8 Nxe2+ 19. Kf1 Raxd8 20. Bxb7 Nxc1 21. Bf3 Rfe8 22. Ne3 Nd3 23. a3 Bc5 24. b4 Bxe3 25. fxe3 Rxe3 26. Nd2 Nc4 27. Nxc4 bxc4 28. Bc6 c3 29. Ba4 Nb2 30. Bc2 Rd2 31. Bf5 c2 32. Bxc2 Rxc2 33. a4 Rb3 34. b5 axb5 35. axb5 f6 36. Ra8+ Kf7 37. Ra7+ Kg6 38. g4 Na4 39. Re7 Rxb5 40. h4 Rb1+ 41. Re1 Rxe1+ 42. Kxe1 Rc4 43. h5+ Kg5 44. Kf2 Rxg4 45. Kf3 Rf4+ 46. Ke2 Nc3+ 47. Ke1 Rf3 48. Kd2 Rh3 49. Kc1 Nd5 50. h6 Kxh6 51. Kb1 Rh2 52. Ka1 Kg5 53. Kb1 Kf4 54. Kc1 Ke3 55. Kb1 Kd3 56. Ka1 Kc3 57. Kb1 Nb4 58. Ka1 Rh1# 0-1

[Event "GER-ch Youth U10W 2020"]
[Site "Willingen"]
[Date "2020.10.27"]
[Round "1.4"]
[White "Woiteck, Sophia"]
[Black "Neininger, Sarah"]
[Result "1-0"]
[ECO "D00"]
[WhiteElo "1065"]
[BlackElo "1469"]
[Annotator "NA RC"]
[PlyCount "91"]
[EventDate "2020.10.27"]
[EventType "swiss"]
[EventRounds "7"]
[EventCountry "GER"]
[SourceTitle "playchess.com"]
[Source "ChessBase"]
[SourceQuality "1"]
[TimeControl "40/4500+30:900+30"]

1. d4 d5 2. Bf4 e6 3. Nf3 Nf6 4. e3 Bd6 5. Bg3 c5 6. Bxd6 Qxd6 7. c4 O-O 8. Nc3 cxd4 9. exd4 Qb4 10. Qd2 dxc4 11. Be2 Nc6 12. O-O Rd8 13. Qe3 Qxb2 14. Rab1 Qa3 15. Bxc4 Qd6 16. Rfd1 a6 17. Ne4 Nxe4 18. Qxe4 Na5 19. Bb3 Nxb3 20. Rxb3 Qd5 21. Qh4 b5 22. Re3 Bb7 23. Re5 Qxa2 24. Rh5 Qc2 25. Rf1 Qg6 26. Rg5 Qe4 27. Rg4 Qf5 28. Rf4 Qd5 29. Rg4 b4 30. Qh6 g6 31. Ng5 Qf5 32. Nxh7 e5 33. h4 exd4 34. h5 Qe5 35. hxg6 d3 36. Nf6+ Qxf6 37. gxf7+ Kxf7 38. Rf4 Qxf4 39. Qxf4+ Ke8 40. Qe3+ Kf7 41. Qf4+ Ke6 42. Re1+ Kd7 43. Qxb4 Kc8 44. Re7 Ra7 45. Qc5+ Kb8 46. Qc7+ 1-0

[Event "GER-ch Youth U10W 2020"]
[Site "Willingen"]
[Date "2020.10.27"]
[Round "1.5"]
[White "Czaeczine, Paula"]
[Black "Abram, Kristina-Maria"]
[Result "1-0"]
[ECO "C45"]
[WhiteElo "1127"]
[BlackElo "1038"]
[Annotator "NA RC"]
[PlyCount "71"]
[EventDate "2020.10.27"]
[EventType "swiss"]
[EventRounds "7"]
[EventCountry "GER"]
[SourceTitle "playchess.com"]
[Source "ChessBase"]
[SourceQuality "1"]
[TimeControl "40/4500+30:900+30"]

1. e4 e5 2. Nf3 Nc6 3. d4 exd4 4. Nxd4 Bc5 5. Be3 Qf6 6. c3 Nge7 7. Bc4 Qg6 8. O-O O-O 9. Nd2 d6 10. Re1 Be6 11. Qf3 Ne5 12. Qe2 Nxc4 13. Nxe6 fxe6 14. Bxc5 Nxd2 15. Bb4 Nf3+ 16. Kh1 Nxe1 17. Rxe1 Qf6 18. f3 Qh4 19. e5 c5 20. exd6 cxb4 21. dxe7 Qxe7 22. cxb4 Rae8 23. Qc4 Rd8 24. h3 Rf6 25. f4 Rd2 26. f5 Kf8 27. fxe6 Rxb2 28. Qc8+ Qe8 29. e7+ Kf7 30. Qc4+ Kg6 31. Qg4+ Kf7 32. Qh5+ Rg6 33. Qd5+ Kf6 34. Qf3+ Kg5 35. Qg4+ Kf6 36. Qf4# 1-0

[Event "GER-ch Youth U10W 2020"]
[Site "Willingen"]
[Date "2020.10.27"]
[Round "1.6"]
[White "Stepanjan, Tatevik Mia"]
[Black "Meier, Viktoria"]
[Result "0-1"]
[ECO "B12"]
[WhiteElo "1030"]
[BlackElo "1316"]
[Annotator "NA RC"]
[PlyCount "102"]
[EventDate "2020.10.27"]
[EventType "swiss"]
[EventRounds "7"]
[EventCountry "GER"]
[SourceTitle "playchess.com"]
[Source "ChessBase"]
[SourceQuality "1"]
[TimeControl "40/4500+30:900+30"]

1. e4 c6 2. d4 d5 3. e5 Bf5 4. Nf3 e6 5. Nc3 Nd7 6. Be2 Bg6 7. O-O Ne7 8. Bg5 Qb6 9. b3 Nf5 10. h3 Bb4 11. Na4 Qc7 12. c3 Ba5 13. b4 Bb6 14. c4 a5 15. b5 c5 16. Be3 Nxe3 17. fxe3 O-O 18. Ng5 cxd4 19. Nxb6 Nxb6 20. exd4 dxc4 21. Rc1 Qd7 22. a4 Rac8 23. Rf4 Qe7 24. h4 Qb4 25. Ra1 c3 26. Qc1 Qb2 27. Bd1 Qxc1 28. Rxc1 c2 29. Bf3 Rc7 30. Be4 Bxe4 31. Nxe4 Nxa4 32. Rf2 Rfc8 33. Rd2 Nb2 34. Nc5 b6 35. Rcxc2 Na4 36. Nxa4 Rxc2 37. Rxc2 Rxc2 38. Nxb6 Rb2 39. Nd7 Rxb5 40. Kf2 a4 41. Nc5 a3 42. d5 Rxc5 43. d6 Rd5 44. Ke3 a2 45. d7 Rxd7 46. g4 a1=Q 47. g5 Qd4+ 48. Kf3 Qd3+ 49. Kf2 Ra7 50. Ke1 Ra2 51. g6 Qb1# 0-1

[Event "GER-ch Youth U10W 2020"]
[Site "Willingen"]
[Date "2020.10.27"]
[Round "1.7"]
[White "Halas, Neele Zoe"]
[Black "Kutz, Ida Klara"]
[Result "0-1"]
[ECO "B43"]
[WhiteElo "1295"]
[BlackElo "997"]
[Annotator "NA RC"]
[PlyCount "118"]
[EventDate "2020.10.27"]
[EventType "swiss"]
[EventRounds "7"]
[EventCountry "GER"]
[SourceTitle "playchess.com"]
[Source "ChessBase"]
[SourceQuality "1"]
[TimeControl "40/4500+30:900+30"]

1. e4 c5 2. Nf3 e6 3. d4 cxd4 4. Nxd4 a6 5. Nc3 d6 6. Be3 Nf6 7. f3 Nc6 8. Qd2 h6 9. g4 d5 10. exd5 Nxd5 11. O-O-O Qc7 12. Nxd5 exd5 13. Nb3 Be6 14. Bg2 Bb4 15. c3 Be7 16. Kb1 O-O 17. h4 Ne5 18. Bf4 Bd6 19. g5 Nc4 20. Qd4 Bxf4 21. Nc5 Qb6 22. Nb3 Qxd4 23. Rxd4 Be5 24. Rd3 Bf5 25. Rhd1 Ne3 26. Kc1 Bxd3 27. Rxd3 Nxg2 28. Rxd5 Bf4+ 29. Kb1 Rfe8 30. a3 Nxh4 31. gxh6 Bxh6 32. Nc5 Nxf3 33. Nxb7 Rab8 34. Rd7 Ne5 35. Rc7 Rbc8 36. Rxc8 Rxc8 37. Nd6 Rd8 38. Nb7 Rb8 39. Nc5 Nc4 40. b4 Nxa3+ 41. Ka2 Nb5 42. Kb3 g5 43. Nxa6 Rb6 44. Nc5 g4 45. c4 Nd4+ 46. Ka4 g3 47. b5 g2 48. Ka5 g1=Q 49. Kxb6 Qg6+ 50. Ka5 Kf8 51. b6 Ke7 52. Ka6 Bf4 53. Ka7 Qd6 54. b7 Qxc5+ 55. Ka6 Nc6 56. b8=Q Nxb8+ 57. Kb7 Qc7+ 58. Ka8 Nc6 59. c5 Qa7# 0-1

[Event "GER-ch Youth U10W 2020"]
[Site "Willingen"]
[Date "2020.10.27"]
[Round "1.8"]
[White "Peglau, Lorena"]
[Black "Huber, Laura"]
[Result "0-1"]
[ECO "A22"]
[WhiteElo "1061"]
[BlackElo "1249"]
[Annotator "NA RC"]
[PlyCount "88"]
[EventDate "2020.10.27"]
[EventType "swiss"]
[EventRounds "7"]
[EventCountry "GER"]
[SourceTitle "playchess.com"]
[Source "ChessBase"]
[SourceQuality "1"]
[TimeControl "40/4500+30:900+30"]

1. c4 e5 2. Nc3 Nf6 3. g3 Nc6 4. Bg2 Bc5 5. d3 h6 6. e4 d6 7. Nf3 Bg4 8. Qb3 Bxf3 9. Bxf3 Nd4 10. Qd1 Qd7 11. Bg2 O-O 12. Be3 Nh7 13. f4 Nc2+ 14. Qxc2 Bxe3 15. fxe5 dxe5 16. Qe2 Bd4 17. Qd2 f5 18. exf5 Qxf5 19. Bxb7 Bf2+ 20. Kd1 Qg4+ 21. Kc2 Rab8 22. Bd5+ Kh8 23. Rhf1 Bd4 24. Rf7 Rxf7 25. Bxf7 Rf8 26. Bd5 Rf2 27. Ne2 Rxe2 28. h3 Rxd2+ 29. Kxd2 Qxg3 30. Rf1 Qe3+ 31. Kc2 Qe2+ 32. Kb3 Qxf1 33. Kb4 Qxd3 34. a4 Bxb2 35. c5 Qxd5 36. a5 a6 37. h4 Ba3+ 38. Kxa3 Qxc5+ 39. Ka2 Qb4 40. h5 e4 41. Ka1 Qd2 42. Kb1 e3 43. Ka1 e2 44. Kb1 e1=R# 0-1

[Event "GER-ch Youth U10W 2020"]
[Site "Willingen"]
[Date "2020.10.27"]
[Round "1.9"]
[White "Mehner, Clara"]
[Black "Tran, Hanna Emilie Mai Hoa"]
[Result "0-1"]
[ECO "C50"]
[WhiteElo "1244"]
[BlackElo "986"]
[Annotator "NA RC"]
[PlyCount "70"]
[EventDate "2020.10.27"]
[EventType "swiss"]
[EventRounds "7"]
[EventCountry "GER"]
[SourceTitle "playchess.com"]
[Source "ChessBase"]
[SourceQuality "1"]
[TimeControl "40/4500+30:900+30"]

1. e4 e5 2. Nf3 Nc6 3. Bc4 d6 4. d3 Bg4 5. Nc3 Nf6 6. Be3 Be7 7. O-O O-O 8. Qe2 Na5 9. Bb3 Nxb3 10. axb3 d5 11. exd5 Nxd5 12. Nxd5 Qxd5 13. c4 Bxf3 14. gxf3 Qe6 15. Kh1 Qh3 16. Rg1 Bd6 17. Rg2 g6 18. Rg3 Qe6 19. Rg4 f5 20. Rh4 e4 21. fxe4 fxe4 22. dxe4 Rf7 23. Bh6 Be7 24. Rf4 Bd6 25. Rxf7 Qxf7 26. Qc2 Qf3+ 27. Kg1 Qg4+ 28. Kf1 Qh3+ 29. Ke2 Qxh6 30. c5 Qh5+ 31. Kd3 Bxc5 32. Rc1 Rd8+ 33. Kc3 Qe5+ 34. Kc4 Qd4+ 35. Kb5 Qb4# 0-1

[Event "GER-ch Youth U10W 2020"]
[Site "Willingen"]
[Date "2020.10.27"]
[Round "1.10"]
[White "Le, Thi An"]
[Black "Hoffmann, Svenja"]
[Result "0-1"]
[ECO "C54"]
[WhiteElo "976"]
[BlackElo "1219"]
[Annotator "NA RC"]
[PlyCount "76"]
[EventDate "2020.10.27"]
[EventType "swiss"]
[EventRounds "7"]
[EventCountry "GER"]
[SourceTitle "playchess.com"]
[Source "ChessBase"]
[SourceQuality "1"]
[TimeControl "40/4500+30:900+30"]

1. e4 e5 2. Nf3 Nc6 3. Bc4 Bc5 4. c3 Nf6 5. d4 exd4 6. cxd4 Bb4+ 7. Bd2 Bxd2+ 8. Nbxd2 d5 9. exd5 Nxd5 10. Qb3 Be6 11. Qxb7 Ndb4 12. O-O Rb8 13. Qxb8 Qxb8 14. a3 Nc2 15. Rac1 N2xd4 16. Nxd4 Nxd4 17. Bxe6 Nxe6 18. Ne4 O-O 19. b4 Qa8 20. Rfe1 Re8 21. Re3 Nf4 22. f3 Qb8 23. Rce1 Qb6 24. Kh1 Ne6 25. Nc5 g6 26. Rc3 a5 27. Rc4 Rd8 28. bxa5 Qb5 29. Rc2 Nxc5 30. h4 Nd3 31. Re3 Qxa5 32. g4 Qxa3 33. Rxc7 Nf2+ 34. Kg1 Qxe3 35. Kf1 Rd1+ 36. Kg2 Nxg4 37. f4 Rd2+ 38. Kf1 Qf2# 0-1

[Event "GER-ch Youth U10W 2020"]
[Site "Willingen"]
[Date "2020.10.27"]
[Round "1.11"]
[White "Bako, Isabella"]
[Black "Nalam, Mokshadha"]
[Result "0-1"]
[ECO "C44"]
[WhiteElo "1153"]
[BlackElo "962"]
[Annotator "NA RC"]
[PlyCount "126"]
[EventDate "2020.10.27"]
[EventType "swiss"]
[EventRounds "7"]
[EventCountry "GER"]
[SourceTitle "playchess.com"]
[Source "ChessBase"]
[SourceQuality "1"]
[TimeControl "40/4500+30:900+30"]

1. e4 e5 2. Nf3 Nc6 3. d4 exd4 4. c3 dxc3 5. Bc4 Bb4 6. Nxc3 d6 7. Qb3 Qe7 8. Ng5 Bxc3+ 9. bxc3 Be6 10. Bxe6 fxe6 11. Qxe6 Qxe6 12. Nxe6 Kf7 13. Nxc7 Rc8 14. Nd5 Nge7 15. Ba3 Rhe8 16. Nxe7 Rxe7 17. f3 Re6 18. O-O Na5 19. Rac1 Kg8 20. Rfd1 Nc4 21. Bb4 a5 22. Bxd6 Nxd6 23. e5 Nc4 24. f4 h6 25. Rd5 Rf8 26. g3 b6 27. Rd4 Na3 28. c4 Rc8 29. Re4 g6 30. g4 b5 31. Re3 Nxc4 32. Rb3 b4 33. Rd3 g5 34. Rd4 Rec6 35. e6 Kf8 36. f5 Nd6 37. Rxc6 Rxc6 38. f6 Ne8 39. f7 Rxe6 40. fxe8=Q+ Rxe8 41. Rd5 Re1+ 42. Kf2 Ra1 43. Rxa5 b3 44. Rb5 bxa2 45. Ra5 Ke7 46. Ke3 Re1+ 47. Kd4 a1=Q+ 48. Rxa1 Rxa1 49. Ke4 Rh1 50. Kf5 Rxh2 51. Ke5 h5 52. gxh5 Rxh5 53. Kf5 Kf7 54. Kg4 Kg6 55. Kg3 Kf5 56. Kf3 Rh4 57. Kg3 Ke4 58. Kf2 Kf4 59. Kg2 Rg4+ 60. Kh3 Kf3 61. Kh2 Rh4+ 62. Kg1 g4 63. Kf1 Rh1# 0-1

[Event "GER-ch Youth U10W 2020"]
[Site "Willingen"]
[Date "2020.10.27"]
[Round "1.12"]
[White "Yan, Jenny"]
[Black "Richter, Johanna"]
[Result "1-0"]
[ECO "B34"]
[WhiteElo "952"]
[BlackElo "1150"]
[Annotator "NA RC"]
[PlyCount "36"]
[EventDate "2020.10.27"]
[EventType "swiss"]
[EventRounds "7"]
[EventCountry "GER"]
[SourceTitle "playchess.com"]
[Source "ChessBase"]
[SourceQuality "1"]
[TimeControl "40/4500+30:900+30"]

1. e4 c5 2. Nf3 Nc6 3. d4 cxd4 4. Nxd4 Nf6 5. Nc3 e5 6. Ndb5 d6 7. Nd5 Nxd5 8. exd5 Ne7 9. Be2 Bf5 10. Be3 Be4 11. f3 Bxd5 12. Bxa7 Qa5+ 13. c3 Rd8 14. Be3 g6 15. b4 Qxb5 16. Bxb5+ Bc6 17. Bxc6+ bxc6 18. Bg5 d5 1-0

[Event "GER-ch Youth U10W 2020"]
[Site "Willingen"]
[Date "2020.10.27"]
[Round "1.13"]
[White "Will, Elina"]
[Black "Mo, Keyou"]
[Result "1-0"]
[ECO "C44"]
[WhiteElo "1149"]
[BlackElo "950"]
[Annotator "NA RC"]
[PlyCount "123"]
[EventDate "2020.10.27"]
[EventType "swiss"]
[EventRounds "7"]
[EventCountry "GER"]
[SourceTitle "playchess.com"]
[Source "ChessBase"]
[SourceQuality "1"]
[TimeControl "40/4500+30:900+30"]

1. e4 e5 2. Nf3 Nc6 3. d4 exd4 4. Nxd4 Ne5 5. Bf4 d6 6. Nc3 Nf6 7. Be2 Be7 8. O-O O-O 9. Qd2 Bg4 10. h3 Bxe2 11. Ncxe2 Nxe4 12. Qd1 Ng6 13. a3 Bf6 14. Qd3 d5 15. Nb5 c6 16. Nbd4 Be5 17. Be3 c5 18. Nf3 Bxb2 19. Rad1 Bxa3 20. Qxe4 dxe4 21. Rxd8 Raxd8 22. Ng5 h6 23. Nxe4 b6 24. Ra1 Bb2 25. Rxa7 Bd4 26. Bxd4 cxd4 27. Rb7 Rb8 28. Rxb8 Rxb8 29. Nxd4 b5 30. Kf1 b4 31. Ke2 Nf4+ 32. Kf3 Nd5 33. Nc5 g5 34. Ke4 Nc3+ 35. Kd3 Kg7 36. Kc4 Na2 37. Kb3 Nc1+ 38. Kb2 Rc8 39. Nd3 Rd8 40. Kxc1 Rxd4 41. Kb2 f5 42. Kb3 Kg6 43. Nxb4 g4 44. h4 f4 45. g3 fxg3 46. fxg3 Rd8 47. c4 Rc8 48. Nd5 Kf5 49. Ne7+ Ke4 50. Nxc8 Kf3 51. c5 Kxg3 52. c6 Kxh4 53. c7 g3 54. Ne7 g2 55. Ng6+ Kg5 56. Ne5 g1=Q 57. Nf3+ Kg6 58. Nxg1 h5 59. c8=Q Kg5 60. Qg8+ Kh4 61. Ne2 Kh3 62. Qg3# 1-0

[Event "GER-ch Youth U10W 2020"]
[Site "Willingen"]
[Date "2020.10.27"]
[Round "1.14"]
[White "Rössling, Laura Marie"]
[Black "John, Linnea"]
[Result "1-0"]
[ECO "B30"]
[WhiteElo "937"]
[BlackElo "1146"]
[Annotator "NA RC"]
[PlyCount "108"]
[EventDate "2020.10.27"]
[EventType "swiss"]
[EventRounds "7"]
[EventCountry "GER"]
[SourceTitle "playchess.com"]
[Source "ChessBase"]
[SourceQuality "1"]
[TimeControl "40/4500+30:900+30"]

1. e4 c5 2. Nf3 Nc6 3. Bc4 g6 4. c3 Bg7 5. d4 cxd4 6. cxd4 d6 7. h3 Nf6 8. Qd3 O-O 9. Nc3 Bd7 10. Bg5 Nb4 11. Qe3 Nc2+ 12. Ke2 Nxe3 13. Bxe3 Rc8 14. Bb3 Qb6 15. d5 Qa6+ 16. Ke1 Qa5 17. Bd2 Qd8 18. e5 dxe5 19. Nxe5 Bf5 20. Ba4 Ne4 21. Nxe4 Bxe4 22. Nd7 Bxb2 23. Nxf8 Bxa1 24. Nd7 f6 25. Rg1 a6 26. Be3 Qa5+ 27. Bd2 Qxa4 28. Nb6 Qb5 29. Nxc8 Qb1+ 30. Ke2 Qxg1 31. Nxe7+ Kf7 32. d6 Qxg2 33. Bb4 Qf3+ 34. Ke1 Bd3 35. Kd2 Qxf2+ 36. Kxd3 Qd4+ 37. Kc2 Qxb4 38. Nd5 Qc5+ 39. Kd3 Qxd5+ 40. Ke3 f5 41. Ke2 Qe6+ 42. Kd2 Qxd6+ 43. Kc2 f4 44. Kb3 f3 45. a4 f2 46. Kc2 f1=Q 47. Kb3 Qdd3+ 48. Kb4 Qf4+ 49. Kc5 Qdf5+ 50. Kb6 Qd6+ 51. Ka7 Bd4+ 52. Ka8 Qd8+ 53. Kxb7 Qb6+ 54. Ka8 Qa7# 1-0

[Event "GER-ch Youth U10W 2020"]
[Site "Willingen"]
[Date "2020.10.27"]
[Round "1.16"]
[White "Zimmermann, Lilly Marie"]
[Black "Zhu, Jenny"]
[Result "0-1"]
[ECO "C44"]
[WhiteElo "851"]
[BlackElo "1573"]
[Annotator "NA RC"]
[PlyCount "66"]
[EventDate "2020.10.27"]
[EventType "swiss"]
[EventRounds "7"]
[EventCountry "GER"]
[SourceTitle "playchess.com"]
[Source "ChessBase"]
[SourceQuality "1"]
[TimeControl "40/4500+30:900+30"]

1. e4 e5 2. Nf3 Nc6 3. d4 exd4 4. Nxd4 Bd6 5. Bc4 Ne5 6. O-O Nxc4 7. b3 Ne5 8. Nf3 Qf6 9. Ng5 h6 10. Qh5 g6 11. Qh4 hxg5 12. Qg3 Nc6 13. Bxg5 Qxa1 14. Qe3 Qe5 15. g3 Bc5 16. Qd2 Nf6 17. Bf4 Qh5 18. Re1 Qxh2+ 19. Kf1 Qh3+ 20. Ke2 Nd4+ 21. Kd1 Nf3 22. Qe2 Nxe1 23. e5 Nd5 24. e6 dxe6 25. Qb5+ Bd7 26. Qxc5 Nxf4 27. gxf4 Qh1 28. Qxc7 Rc8 29. Qe5 Nf3+ 30. Ke2 Nxe5 31. Nd2 Rxc2 32. a4 Qf3+ 33. Ke1 Rc1# 0-1

[Event "GER-ch Youth U10W 2020"]
[Site "Willingen"]
[Date "2020.10.27"]
[Round "1.17"]
[White "Le, Thao-Linh"]
[Black "Tu, Audrey"]
[Result "1-0"]
[ECO "C30"]
[WhiteElo "1121"]
[BlackElo "754"]
[Annotator "NA RC"]
[PlyCount "81"]
[EventDate "2020.10.27"]
[EventType "swiss"]
[EventRounds "7"]
[EventCountry "GER"]
[SourceTitle "playchess.com"]
[Source "ChessBase"]
[SourceQuality "1"]
[TimeControl "40/4500+30:900+30"]

1. e4 e5 2. f4 Bc5 3. Nf3 d6 4. Bc4 Nf6 5. Nc3 O-O 6. d4 exd4 7. Nxd4 Re8 8. O-O Nc6 9. Be3 Ng4 10. Nxc6 bxc6 11. Bxc5 dxc5 12. Rf3 Qxd1+ 13. Rxd1 Rb8 14. b3 h6 15. e5 Bf5 16. Rd2 Kh8 17. h3 f6 18. hxg4 Bxg4 19. Bf7 Rf8 20. Rg3 Rxf7 21. Rxg4 h5 22. Rg3 fxe5 23. fxe5 Re8 24. Rg5 g6 25. Rxg6 Rxe5 26. Rh6+ Kg7 27. Rxc6 Re1+ 28. Kh2 Rf4 29. Rd7+ Kf8 30. Rcxc7 Re8 31. Rh7 Rg4 32. Rxh5 Rg7 33. Rh8+ Rg8 34. Rhh7 a5 35. a4 c4 36. bxc4 Rg7 37. Rhxg7 Rd8 38. Ra7 Rc8 39. Rgc7 Re8 40. Rh7 Rc8 41. Rh8# 1-0

[Event "GER-ch Youth U10W 2020"]
[Site "Willingen"]
[Date "2020.10.27"]
[Round "1.18"]
[White "Amrhein, Yana"]
[Black "Jäger, Viktoria"]
[Result "0-1"]
[ECO "A06"]
[WhiteElo "747"]
[BlackElo "1114"]
[Annotator "NA RC"]
[PlyCount "89"]
[EventDate "2020.10.27"]
[EventType "swiss"]
[EventRounds "7"]
[EventCountry "GER"]
[SourceTitle "playchess.com"]
[Source "ChessBase"]
[SourceQuality "1"]
[TimeControl "40/4500+30:900+30"]

1. Nf3 d5 2. g3 Nc6 3. Bg2 e5 4. d3 Bf5 5. b3 Bc5 6. Bb2 Qd6 7. c4 O-O-O 8. O-O Qe6 9. cxd5 Rxd5 10. Ng5 Qg6 11. Bxd5 Qxg5 12. Bxf7 Nh6 13. Bc4 Rd8 14. Qc2 Qh5 15. Be6+ Bxe6 16. Qxc5 Ng4 17. h4 g5 18. Rc1 gxh4 19. f3 Rd5 20. fxg4 Rxc5 21. gxh5 Rxc1+ 22. Bxc1 hxg3 23. Kg2 Nd4 24. Kxg3 Nxe2+ 25. Kf3 Nxc1 26. Nc3 Nxd3 27. Rd1 Nf4 28. Rc1 Nxh5 29. Nb5 Bd5+ 30. Kg4 Nf6+ 31. Kf5 Nd7 32. Nxa7+ Kb8 33. Nb5 Bf7 34. Rxc7 Bg6+ 35. Ke6 Bd3 36. Kxd7 Bxb5+ 37. Rc6 Bxc6+ 38. Kd6 h5 39. Kxe5 h4 40. Kf4 h3 41. Kg3 Bd7 42. Kh2 Kc7 43. a4 Kb6 44. b4 Bxa4 45. Kxh3 0-1

[Event "GER-ch Youth U10W 2020"]
[Site "Willingen"]
[Date "2020.10.27"]
[Round "1.19"]
[White "Manakov, Luisa"]
[Black "Margaryan, Mari"]
[Result "1-0"]
[ECO "C44"]
[WhiteElo "1103"]
[BlackElo "690"]
[Annotator "NA RC"]
[PlyCount "33"]
[EventDate "2020.10.27"]
[EventType "swiss"]
[EventRounds "7"]
[EventCountry "GER"]
[SourceTitle "playchess.com"]
[Source "ChessBase"]
[SourceQuality "1"]
[TimeControl "40/4500+30:900+30"]

1. e4 e5 2. Nf3 Nc6 3. d4 exd4 4. Nxd4 Nf6 5. Nc3 Bb4 6. Nxc6 bxc6 7. Bc4 Nxe4 8. Qf3 Nd6 9. Bb3 O-O 10. O-O Rb8 11. Qg3 Re8 12. Bh6 g6 13. Rae1 Ba6 14. Rxe8+ Qxe8 15. Qg5 Kh8 16. Qf6+ Kg8 17. Qg7# 1-0

[Event "GER-ch Youth U10W 2020"]
[Site "Willingen"]
[Date "2020.10.28"]
[Round "2.1"]
[White "Jäger, Viktoria"]
[Black "Sickmann, Lisa"]
[Result "0-1"]
[ECO "C54"]
[WhiteElo "1114"]
[BlackElo "1510"]
[Annotator "NA RC"]
[PlyCount "48"]
[EventDate "2020.10.27"]
[EventType "swiss"]
[EventRounds "7"]
[EventCountry "GER"]
[SourceTitle "playchess.com"]
[Source "ChessBase"]
[SourceQuality "1"]
[TimeControl "40/4500+30:900+30"]

1. e4 e5 2. Nf3 Nc6 3. Bc4 Bc5 4. c3 Nf6 5. d4 exd4 6. cxd4 Bb4+ 7. Bd2 Nxe4 8. O-O d5 9. Bxb4 Nxb4 10. Re1 O-O 11. Be2 Bf5 12. Nbd2 Nxd2 13. Rc1 Nxf3+ 14. Bxf3 Nd3 15. Rxc7 Qxc7 16. Re2 Rfe8 17. Rd2 Re1+ 18. Qxe1 Nxe1 19. Rd1 Nxf3+ 20. gxf3 Bh3 21. Kh1 Qc2 22. Rg1 Qxf2 23. f4 Qf3+ 24. Rg2 Qxg2# 0-1

[Event "GER-ch Youth U10W 2020"]
[Site "Willingen"]
[Date "2020.10.28"]
[Round "2.2"]
[White "Bauer, Laura Sophie"]
[Black "Le, Thao-Linh"]
[Result "1-0"]
[ECO "C22"]
[WhiteElo "1287"]
[BlackElo "1121"]
[Annotator "NA RC"]
[PlyCount "27"]
[EventDate "2020.10.27"]
[EventType "swiss"]
[EventRounds "7"]
[EventCountry "GER"]
[SourceTitle "playchess.com"]
[Source "ChessBase"]
[SourceQuality "1"]
[TimeControl "40/4500+30:900+30"]

1. e4 e5 2. d4 exd4 3. Qxd4 Nc6 4. Qe3 Be7 5. Nc3 d6 6. Bd2 Be6 7. O-O-O Qd7 8. f4 f6 9. Nd5 Bf8 10. Bc4 O-O-O 11. Nf3 Kb8 12. Qb3 Na5 13. Bxa5 Rc8 14. Nxf6 1-0

[Event "GER-ch Youth U10W 2020"]
[Site "Willingen"]
[Date "2020.10.28"]
[Round "2.3"]
[White "Zhou, Leyi Charlotte"]
[Black "Czaeczine, Paula"]
[Result "0-1"]
[ECO "C58"]
[WhiteElo "1071"]
[BlackElo "1127"]
[Annotator "NA RC"]
[PlyCount "104"]
[EventDate "2020.10.27"]
[EventType "swiss"]
[EventRounds "7"]
[EventCountry "GER"]
[SourceTitle "playchess.com"]
[Source "ChessBase"]
[SourceQuality "1"]
[TimeControl "40/4500+30:900+30"]

1. e4 e5 2. Nf3 Nc6 3. Bc4 Nf6 4. Ng5 d5 5. exd5 Na5 6. Bb5+ c6 7. dxc6 bxc6 8. Bd3 h6 9. Ne4 Nxe4 10. Bxe4 Bc5 11. Nc3 O-O 12. a3 Qd4 13. O-O Nc4 14. Bxc6 Rb8 15. d3 Nxb2 16. Bxb2 Rxb2 17. Nb5 Qf4 18. g3 Qf6 19. Qc1 Qxc6 20. Re1 Rxb5 21. c4 Rb8 22. Rxe5 Bxf2+ 23. Kxf2 Qf6+ 24. Qf4 Rb2+ 25. Kg1 Qb6+ 26. c5 Rb1+ 27. Rxb1 Qxb1+ 28. Qf1 Qxf1+ 29. Kxf1 Rd8 30. Ke2 Ba6 31. Re3 Kf8 32. Kd2 Re8 33. Rxe8+ Kxe8 34. d4 Kd7 35. Ke3 Bb7 36. Kd3 Ke6 37. Kc4 Ba6+ 38. Kc3 Kd5 39. a4 g5 40. h3 f5 41. a5 Bb7 42. Kd3 f4 43. gxf4 gxf4 44. h4 f3 45. Ke3 f2 46. Kxf2 Kxd4 47. Kg3 h5 48. Kf4 Kxc5 49. a6 Bxa6 50. Kg5 Be2 51. Kf4 Kd4 52. Kf5 a5 0-1